TOP OF THE 1ST |
Wilmington Blue Rocks batting - Pitching for Myrtle Beach Pelicans : LHP Mike Anderson
|
Pitching: LHP Mike Anderson
|
|
Batting: LHB Efrem Isaev
|
0-0: Ball 1-0: Fly out, F7 (Flyball, 78D, EV 103.8 MPH)
|
Batting: RHB Nate De Jongh
|
0-0: SINGLE (Line Drive, 56D, EV 96.9 MPH)
|
Batting: LHB Edgar Ortiz
|
0-0: Ball 1-0: Foul Ball, location: 2F 1-1: Called Strike 1-2: Ball 2-2: Foul Ball, location: 7LMF 2-2: Grounds into double play, 4-6-3 (Groundball, 4M, EV 78.1 MPH)
|
Top of the 1st over - 0 runs, 1 hit, 0 errors, 0 left on base; Wilmington 0 - Myrtle Beach 0 |
BOTTOM OF THE 1ST |
Myrtle Beach Pelicans batting - Pitching for Wilmington Blue Rocks : RHP Junsuke Abe
|
Pitching: RHP Junsuke Abe
|
|
Batting: RHB Dan Orozco
|
0-0: Ground out 6-3 (Groundball, 6, EV 88.1 MPH)
|
Batting: RHB Adrian Cox
|
0-0: Called Strike 0-1: Ground out 4-3 (Groundball, 4, EV 105.6 MPH)
|
Batting: RHB Erik Smith
|
0-0: Called Strike 0-1: Ball 1-1: Foul Ball, location: 2F 1-2: Ball 2-2: Ground out 5-3 (Groundball, 56, EV 101.9 MPH)
|
Bottom of the 1st over - 0 runs, 0 hits, 0 errors, 0 left on base; Wilmington 0 - Myrtle Beach 0 |
TOP OF THE 2ND |
Wilmington Blue Rocks batting - Pitching for Myrtle Beach Pelicans : LHP Mike Anderson
|
Batting: SHB Arturo Baez
|
0-0: Foul Ball, location: 9LMF 0-1: Ball 1-1: SINGLE (Line Drive, 34D, EV 95.0 MPH)
|
Batting: LHB Danny Pacheco
|
0-0: Fly out, F7 (Flyball, 78M, EV 81.3 MPH)
|
Batting: LHB Mike Bhatti
|
0-0: Called Strike 0-1: Called Strike 0-2: Ball 1-2: 2-RUN HOME RUN (Flyball, 9LD, EV 91.9 MPH), Distance : 356 ft
|
Batting: LHB Danny Zuniga
|
0-0: Foul Ball, location: 23F 0-1: Hit by Pitch
|
Batting: LHB Shohei Nishi
|
0-0: Ball 1-0: Ball 2-0: Called Strike 2-1: Foul Ball, location: 2F 2-2: Ball 3-2: Strikes out looking
|
Batting: SHB Glenn Harrison
|
0-0: Ball 1-0: Ground out 5-3 (Groundball, 5S, EV 85.0 MPH)
|
Top of the 2nd over - 2 runs, 2 hits, 0 errors, 1 left on base; Wilmington 2 - Myrtle Beach 0 |
BOTTOM OF THE 2ND |
Myrtle Beach Pelicans batting - Pitching for Wilmington Blue Rocks : RHP Junsuke Abe
|
Batting: RHB David Bousfield
|
0-0: Swinging Strike 0-1: Foul Ball, location: 2F 0-2: Foul Ball, location: 2F 0-2: Ball 1-2: Ball 2-2: Ball 3-2: SINGLE (Groundball, 4MD, EV 96.9 MPH)
|
Batting: RHB Mike Stein
|
0-0: Ball 1-0: Ball Balk! David Bousfield to second 2-0: Ball 3-0: Base on Balls
|
Batting: RHB Mike Hill
|
0-0: Sac Bunt to 2R - play at first, batter OUT! 2-3 David Bousfield to third Mike Stein to second
|
Batting: RHB Josh Burns
|
0-0: Ball 1-0: Ball 2-0: Ball 3-0: Called Strike 3-1: Foul Ball, location: 5FF 3-2: SINGLE (Line Drive, 9S, EV 91.9 MPH) David Bousfield scores Mike Stein to third
|
Batting: RHB Victor Ramirez
|
0-0: Called Strike 0-1: Called Strike 0-2: Ball 1-2: Strikes out looking
|
Batting: RHB Juan Lira
|
0-0: Ball 1-0: Called Strike 1-1: Called Strike 1-2: Strikes out looking
|
Bottom of the 2nd over - 1 run, 2 hits, 0 errors, 2 left on base; Wilmington 2 - Myrtle Beach 1 |
TOP OF THE 3RD |
Wilmington Blue Rocks batting - Pitching for Myrtle Beach Pelicans : LHP Mike Anderson
|
Batting: LHB Efrem Isaev
|
0-0: Fly out, F7 (Flyball, 7, EV 98.1 MPH)
|
Batting: RHB Nate De Jongh
|
0-0: Foul Ball, location: 3FF 0-1: Ground out 4-3 (Groundball, 4, EV 104.4 MPH)
|
Batting: LHB Edgar Ortiz
|
0-0: Called Strike 0-1: Ball 1-1: Called Strike 1-2: Ball 2-2: Ball 3-2: SINGLE (Groundball, 25, EV 73.1 MPH) (infield hit)
|
Batting: SHB Arturo Baez
|
0-0: Called Strike 0-1: Ground out 4-3 (Groundball, 34S, EV 87.5 MPH)
|
Top of the 3rd over - 0 runs, 1 hit, 0 errors, 1 left on base; Wilmington 2 - Myrtle Beach 1 |
BOTTOM OF THE 3RD |
Myrtle Beach Pelicans batting - Pitching for Wilmington Blue Rocks : RHP Junsuke Abe
|
Batting: RHB Dan Orozco
|
0-0: SINGLE (Groundball, 56D, EV 105.0 MPH)
|
Batting: RHB Adrian Cox
|
0-0: Sac Bunt to 15 - play at first, batter OUT! 1-3 Dan Orozco to second
|
Batting: RHB Erik Smith
|
0-0: Fly out, F2 (Popup, 2RF, EV 93.8 MPH)
|
Batting: RHB David Bousfield
|
0-0: Ball 1-0: Ground out 6-3 (Groundball, 6, EV 85.6 MPH)
|
Bottom of the 3rd over - 0 runs, 1 hit, 0 errors, 1 left on base; Wilmington 2 - Myrtle Beach 1 |
TOP OF THE 4TH |
Wilmington Blue Rocks batting - Pitching for Myrtle Beach Pelicans : LHP Mike Anderson
|
Batting: LHB Danny Pacheco
|
0-0: Ball 1-0: Ball 2-0: Ball 3-0: Called Strike 3-1: Base on Balls
|
Batting: LHB Mike Bhatti
|
0-0: Called Strike 0-1: Ball 1-1: Ball 2-1: Fly out, F9 (Flyball, 9S, EV 98.1 MPH)
|
Batting: LHB Danny Zuniga
|
0-0: Ball 1-0: Ball 2-0: Ball 3-0: Foul Ball, location: 2F 3-1: Base on Balls Danny Pacheco to second
|
Batting: LHB Shohei Nishi
|
0-0: Foul Ball, location: 2F 0-1: Ball 1-1: Ball 2-1: Ball 3-1: Foul Ball, location: 2LF 3-2: Fly out, F8 (Flyball, 8RS, EV 86.3 MPH)
|
Batting: SHB Glenn Harrison
|
0-0: Called Strike 0-1: Foul Ball, location: 9LMF 0-2: Strikes out looking
|
Top of the 4th over - 0 runs, 0 hits, 0 errors, 2 left on base; Wilmington 2 - Myrtle Beach 1 |
BOTTOM OF THE 4TH |
Myrtle Beach Pelicans batting - Pitching for Wilmington Blue Rocks : RHP Junsuke Abe
|
Batting: RHB Mike Stein
|
0-0: Called Strike 0-1: Swinging Strike 0-2: Strikes out swinging
|
Batting: RHB Mike Hill
|
0-0: Called Strike 0-1: Ball 1-1: Ball 2-1: Ball 3-1: Foul Ball, location: 9LSF 3-2: Base on Balls
|
Batting: RHB Josh Burns
|
0-0: Called Strike 0-1: Swinging Strike 0-2: Foul Ball, location: 25F 0-2: Ball 1-2: Ball 2-2: Ball 3-2: SINGLE (Line Drive, 56D, EV 70.0 MPH) Mike Hill to second
|
Batting: RHB Victor Ramirez
|
0-0: Ball 1-0: Called Strike 1-1: Foul Ball, location: 7LMF 1-2: Grounds into double play, 1-6-3 (Groundball, 13, EV 69.4 MPH)
|
Bottom of the 4th over - 0 runs, 1 hit, 0 errors, 1 left on base; Wilmington 2 - Myrtle Beach 1 |
TOP OF THE 5TH |
Wilmington Blue Rocks batting - Pitching for Myrtle Beach Pelicans : LHP Mike Anderson
|
Batting: LHB Efrem Isaev
|
0-0: Ball 1-0: Ball 2-0: Fly out, F7 (Flyball, 7D, EV 104.4 MPH)
|
Batting: RHB Nate De Jongh
|
0-0: Foul Ball, location: 2F 0-1: Fly out, F8 (Flyball, 8RM, EV 86.9 MPH)
|
Pitching: LHP Jerry Tyson
|
|
Batting: LHB Edgar Ortiz
|
0-0: Ball 1-0: Foul Ball, location: 9LSF 1-1: Foul Ball, location: 2F 1-2: Fly out, F8 (Flyball, 8RM, EV 80.0 MPH)
|
Top of the 5th over - 0 runs, 0 hits, 0 errors, 0 left on base; Wilmington 2 - Myrtle Beach 1 |
BOTTOM OF THE 5TH |
Myrtle Beach Pelicans batting - Pitching for Wilmington Blue Rocks : RHP Junsuke Abe
|
Batting: RHB Juan Lira
|
0-0: Called Strike 0-1: Ball 1-1: Called Strike 1-2: Foul Ball, location: 2F 1-2: Foul Ball, location: 2F 1-2: SINGLE (Groundball, 34D, EV 103.8 MPH)
|
Batting: RHB Dan Orozco
|
0-0: Bunt missed! 0-1: Sac Bunt to 15 - play at first, batter OUT! 1-3 Juan Lira to second
|
Batting: RHB Adrian Cox
|
0-0: Ball 1-0: Ball 2-0: Called Strike 2-1: Foul Ball, location: 2F 2-2: SINGLE (Groundball, 4, EV 101.3 MPH) (infield hit) Juan Lira to third
|
Batting: RHB Erik Smith
|
0-0: Ball Adrian Cox steals 2nd base 1-0: Foul Ball, location: 5FF 1-1: Ball 2-1: Fly out, F9 (Flyball, 9S, EV 86.3 MPH)
|
Batting: RHB David Bousfield
|
0-0: Called Strike 0-1: Ball 1-1: Foul Ball, location: 5DF 1-2: Ball 2-2: Ball 3-2: Base on Balls
|
Batting: RHB Mike Stein
|
0-0: Foul Ball, location: 2F 0-1: SINGLE (Groundball, 6M, EV 90.0 MPH) Juan Lira scores Adrian Cox to third David Bousfield to second Runner from 3rd tries for Home, throw by CF and OUT! 8-2
|
Bottom of the 5th over - 1 run, 3 hits, 0 errors, 2 left on base; Wilmington 2 - Myrtle Beach 2 |
TOP OF THE 6TH |
Wilmington Blue Rocks batting - Pitching for Myrtle Beach Pelicans : LHP Jerry Tyson
|
Batting: SHB Arturo Baez
|
0-0: Foul Ball, location: 9LSF 0-1: Ball 1-1: Called Strike 1-2: Foul Ball, location: 5DF 1-2: Ground out U3 (Groundball, 3, EV 105.0 MPH)
|
Batting: LHB Danny Pacheco
|
0-0: Ball 1-0: Fly out, F9 (Flyball, 9D, EV 97.5 MPH)
|
Batting: LHB Mike Bhatti
|
0-0: Foul Ball, location: 3F 0-1: Ball 1-1: Foul Ball, location: 2F 1-2: Ground out U3 (Groundball, 34S, EV 91.3 MPH)
|
Top of the 6th over - 0 runs, 0 hits, 0 errors, 0 left on base; Wilmington 2 - Myrtle Beach 2 |
BOTTOM OF THE 6TH |
Myrtle Beach Pelicans batting - Pitching for Wilmington Blue Rocks : RHP Junsuke Abe
|
Batting: RHB Mike Hill
|
0-0: Ball 1-0: Foul Ball, location: 5F 1-1: Ball 2-1: Ball 3-1: Called Strike 3-2: Base on Balls
|
Batting: RHB Josh Burns
|
0-0: Bunt - Flyout to 2L! F2
|
Batting: RHB Victor Ramirez
|
0-0: Swinging Strike 0-1: Ball 1-1: Grounds into double play, 6-4-3 (Groundball, 6, EV 108.8 MPH)
|
Bottom of the 6th over - 0 runs, 0 hits, 0 errors, 0 left on base; Wilmington 2 - Myrtle Beach 2 |
TOP OF THE 7TH |
Wilmington Blue Rocks batting - Pitching for Myrtle Beach Pelicans : LHP Jerry Tyson
|
Batting: LHB Danny Zuniga
|
0-0: Foul Ball, location: 3F 0-1: Called Strike 0-2: Ball 1-2: Ground out 4-3 (Groundball, 13, EV 83.1 MPH)
|
Pinch Hitting: RHB Carlos Almada
|
0-0: Ground out 4-3 (Groundball, 4, EV 85.0 MPH)
|
Batting: SHB Glenn Harrison
|
0-0: Called Strike 0-1: Foul Ball, location: 2F 0-2: Ball 1-2: Ball 2-2: Ball 3-2: Base on Balls
|
Batting: LHB Efrem Isaev
|
0-0: Ball 1-0: Ball 2-0: Called Strike 2-1: Ball 3-1: Base on Balls Glenn Harrison to second
|
Batting: RHB Nate De Jongh
|
0-0: Foul Ball, location: 2F 0-1: Called Strike 0-2: Strikes out swinging
|
Top of the 7th over - 0 runs, 0 hits, 0 errors, 2 left on base; Wilmington 2 - Myrtle Beach 2 |
BOTTOM OF THE 7TH |
Myrtle Beach Pelicans batting - Pitching for Wilmington Blue Rocks : RHP Junsuke Abe
|
Now in RF: Shura Mogilny
|
|
Batting: RHB Juan Lira
|
0-0: Called Strike 0-1: Foul Ball, location: 5F 0-2: Strikes out swinging
|
Batting: RHB Dan Orozco
|
0-0: Called Strike 0-1: Ball 1-1: Foul Ball, location: 9LSF 1-2: Ball 2-2: Strikes out looking
|
Batting: RHB Adrian Cox
|
0-0: Foul Ball, location: 23FF 0-1: DOUBLE (Line Drive, 78M, EV 96.9 MPH)
|
Pitching: RHP Justin Potts
|
|
Batting: RHB Erik Smith
|
0-0: Ball 1-0: Ball 2-0: Ball 3-0: Called Strike 3-1: Called Strike 3-2: Strikes out swinging
|
Bottom of the 7th over - 0 runs, 1 hit, 0 errors, 1 left on base; Wilmington 2 - Myrtle Beach 2 |
TOP OF THE 8TH |
Wilmington Blue Rocks batting - Pitching for Myrtle Beach Pelicans : LHP Jerry Tyson
|
Pinch Hitting: RHB Phil Hamby
|
0-0: Ball 1-0: TRIPLE (Line Drive, 89XD, EV 101.3 MPH)
|
Batting: SHB Arturo Baez
|
0-0: Intentional Walk
|
Pinch Hitting: RHB Jason Birge
|
0-0: Called Strike 0-1: Ball 1-1: Swinging Strike 1-2: 3-RUN HOME RUN (Line Drive, 7LD, EV 90.0 MPH), Distance : 324 ft
|
Pitching: RHP Andrew Dopp
|
|
Batting: LHB Mike Bhatti
|
0-0: Ball 1-0: Ball 2-0: Called Strike 2-1: Foul Ball, location: 2F 2-2: Ground out 1-3 (Groundball, 34S, EV 72.5 MPH)
|
Batting: LHB Danny Zuniga
|
0-0: Called Strike 0-1: Ball 1-1: Ball 2-1: Foul Ball, location: 23F 2-2: Ground out U3 (Groundball, 3S, EV 60.0 MPH)
|
Batting: RHB Shura Mogilny
|
0-0: Ball 1-0: Ball 2-0: Called Strike 2-1: Ball 3-1: Called Strike 3-2: Strikes out swinging
|
Top of the 8th over - 3 runs, 2 hits, 0 errors, 0 left on base; Wilmington 5 - Myrtle Beach 2 |
BOTTOM OF THE 8TH |
Myrtle Beach Pelicans batting - Pitching for Wilmington Blue Rocks : RHP Justin Potts
|
Now at 1B: Jonas Fernandez
|
|
Now at 2B: Phil Hamby
|
|
Now at SS: Arturo Baez
|
|
Batting: RHB David Bousfield
|
0-0: Called Strike 0-1: Foul Ball, location: 2F 0-2: Strikes out looking
|
Batting: RHB Mike Stein
|
0-0: Swinging Strike 0-1: Foul Ball, location: 5FF 0-2: Ball 1-2: Strikes out swinging
|
Batting: RHB Mike Hill
|
0-0: Ground out 5-3 (Groundball, 5L, EV 101.3 MPH)
|
Bottom of the 8th over - 0 runs, 0 hits, 0 errors, 0 left on base; Wilmington 5 - Myrtle Beach 2 |
TOP OF THE 9TH |
Wilmington Blue Rocks batting - Pitching for Myrtle Beach Pelicans : RHP Andrew Dopp
|
Batting: SHB Glenn Harrison
|
0-0: SINGLE (Groundball, 6MS, EV 75.0 MPH) (infield hit)
|
Batting: LHB Efrem Isaev
|
0-0: Called Strike 0-1: Foul Ball, location: 23FF 0-2: Ball 1-2: Ball 2-2: Fly out, F8 (Flyball, 8RD, EV 100.0 MPH)
|
Batting: RHB Nate De Jongh
|
0-0: Foul Ball, location: 3F 0-1: Ball 1-1: Foul Ball, location: 5F 1-2: Foul Ball, location: 9LDF 1-2: Foul Ball, location: 25F 1-2: Fly out, F7 (Flyball, 78M, EV 91.3 MPH)
|
Batting: RHB Phil Hamby
|
0-0: Fly out, F6 (Line Drive, 6M, EV 64.4 MPH)
|
Top of the 9th over - 0 runs, 1 hit, 0 errors, 1 left on base; Wilmington 5 - Myrtle Beach 2 |
BOTTOM OF THE 9TH |
Myrtle Beach Pelicans batting - Pitching for Wilmington Blue Rocks : RHP Justin Potts
|
Pitching: RHP Brian Hunt
|
|
Batting: RHB Josh Burns
|
0-0: Swinging Strike 0-1: Ball 1-1: Ball 2-1: Swinging Strike 2-2: Ball 3-2: Foul Ball, location: 25FF 3-2: Foul Ball, location: 2F 3-2: Foul Ball, location: 2F 3-2: Base on Balls
|
Batting: RHB Victor Ramirez
|
0-0: Called Strike 0-1: Ball 1-1: Foul Ball, location: 3F 1-2: Ball 2-2: Strikes out looking
|
Pinch Hitting: RHB Gilberto Alvarado
|
0-0: Ball 1-0: Called Strike 1-1: Fielders Choice at 2nd, 6-4 (Groundball, 6, EV 106.9 MPH)
|
Batting: RHB Dan Orozco
|
0-0: Called Strike 0-1: Ball 1-1: Ball 2-1: Foul Ball, location: 2F 2-2: Foul Ball, location: 5FF 2-2: Fly out, F4 (Line Drive, 4MD, EV 70.6 MPH)
|
Bottom of the 9th over - 0 runs, 0 hits, 0 errors, 1 left on base; Wilmington 5 - Myrtle Beach 2 |
|